 Dungeon Crawl Stone Soup version 0.29.1-12-g30fa7ad0bf (webtiles) character file.

Game seed: 3772602272175895858

3154 styxcanada the Covert (level 9, 0/45 HPs)
             Began as a Spriggan Brigand on Dec 28, 2022.
             Was an Initiate of Gozag.
             Slain by a sun demon (10 damage)
             ... summoned by a kobold demonologist
             ... on level 7 of the Dungeon.
             The game lasted 00:37:11 (8558 turns).

styxcanada the Covert (Spriggan Brigand)            Turns: 8558, Time: 00:37:12

Health: 0/45       AC:  5    Str: 11    XL:     9   Next: 62%
Magic:  0/17       EV: 26    Int: 12    God:    Gozag
Gold:   862        SH:  0    Dex: 23    Spells: 10/17 levels left

rFire   . . .      SeeInvis +   n - +2 short sword (speed)
rCold   + + .      Faith    .   (no shield)
rNeg    . . .      Spirit   +   b - +0 robe
rPois   .          Reflect  .   (helmet restricted)
rElec   .          Harm     .   c - +2 cloak
rCorr   .          Rampage  .   (gloves unavailable)
Will    +....                   (boots unavailable)
Stlth   ++++++....              w - amulet "Lupionaq" {Spirit rC++ Str+4 Dex+2}
HPRegen 0.15/turn               r - +4 ring of evasion
MPRegen 0.15/turn               (no ring)

@: on berserk cooldown, slowed, quick
A: very small, no large weapons, unfitting armour, see invisible, speed 3
a: Renounce Religion, Potion Petition, Call Merchant, Bribe Branch


You were on level 7 of the Dungeon.
You worshipped Gozag.
Gozag was pleased with you.
You visited 1 branch of the dungeon, and saw 7 of its levels.
You also visited: Sewer.

You collected 1083 gold pieces.
You spent 130 gold pieces at shops.
You paid 91 gold pieces to Gozag.

Inventory:

Hand Weapons
 a - a +2 dagger
 h - a +0 sling
 n - a +2 short sword of speed (weapon)
Missiles
 d - 11 poisoned darts (quivered)
 e - a curare-tipped dart
 g - 4 boomerangs
 j - 55 stones
 A - a throwing net
 E - 2 silver boomerangs
Armour
 b - a +0 robe (worn)
 c - a +2 cloak (worn)
 o - an orb of mayhem
Jewellery
 k - a ring of fire
 r - a +4 ring of evasion (left hand)
 t - an amulet of the acrobat
 w - the amulet "Lupionaq" (around neck) {Spirit rC++ Str+4 Dex+2}
   (You acquired it on level 3 of the Dungeon)

   [amulet of guardian spirit]

   It causes incoming damage to be divided between your reserves of health and
   magic.
   Str:       It affects your strength (+4).
   Dex:       It affects your dexterity (+2).
   rC:        It greatly protects you from cold.
 B - a ring of magical power
Wands
 C - a wand of flame (20)
 K - a wand of light (12)
Scrolls
 p - 7 scrolls of teleportation
 u - 2 scrolls of poison
 v - a scroll of magic mapping
 y - 4 scrolls of blinking
 G - a scroll of immolation {unknown}
 H - a scroll of fear
 I - a scroll of fog
Potions
 f - 4 potions of brilliance
 i - 3 potions of curing
 l - 3 potions of heal wounds
 m - a potion of magic
 q - a potion of berserk rage
 s - a potion of mutation
 x - a potion of might
 z - 2 potions of degeneration {unknown}
 D - 2 potions of invisibility {unknown}
 F - a potion of experience {unknown}
 J - a potion of flight {unknown}


   Skills:
 + Level 3.8 Fighting
 + Level 5.5 Short Blades
 + Level 2.0 Ranged Weapons
 + Level 3.6 Throwing
 * Level 5.9 Dodging
 * Level 12.2 Stealth
 * Level 4.8 Spellcasting
 * Level 2.5 Conjurations
 * Level 2.9 Summonings
 * Level 1.5 Air Magic
 * Level 1.3 Poison Magic
 * Level 2.6 Evocations


You had 10 spell levels left.
You knew the following spells:

 Your Spells              Type           Power      Damage    Failure   Level
a - Call Canine Familiar  Summ           10%        N/A       19%         3
b - Magic Dart            Conj           32%        1d4       8%          1
c - Mephitic Cloud        Conj/Pois/Air  7%         N/A       28%         3

Your spell library contained the following spells:

 Spells                   Type           Power      Damage    Failure   Level
 Summon Small Mammal      Summ           40%        N/A       6%          1
 Call Imp                 Summ           10%        N/A       9%          2
 Scorch                   Fire           4%         2d5       30%         2
 Summon Guardian Golem    Hex/Summ       6%         N/A       32%         3
 Flame Wave               Conj/Fire      5%         2d5       77%         4
 Fireball                 Conj/Fire      2%         3d4       98%         5
 Starburst                Conj/Fire      2%         6d3       100%        6
 Summon Cactus Giant      Summ           5%         N/A       100%        6
 Ignition                 Fire           1%         3d3       100%        8


Dungeon Overview and Level Annotations

Branches:
Dungeon (7/15)             Temple (0/1) D:6           Sewer (visited)

Altars:
Dithmenos
Elyvilon
Gozag
Makhleb
Okawaru
Trog
Uskayaw
Vehumet
Wu Jian
Yredelemnul
The Shining One

Shops:
D:3 !   D:5 *   D:7 *

Portals:
Abyss: D:5

Annotations:
D:7 1 transporter


Innate Abilities, Weirdness & Mutations

You are very small and have problems with some larger weapons.
You are too small for most types of armour.
You have supernaturally acute eyesight. (SInv)
You cover ground extremely quickly. (Speed+++)


Message History

You completely miss the shadow imp. The ufetubus misses you.
The ufetubus completely misses you.
The shadow imp hits you but does no damage.
The ufetubus barely misses you. The ufetubus closely misses you.
You puncture the shadow imp!
The shadow imp is almost dead.
The ufetubus misses you. x2; The shadow imp completely misses you.
You hit the shadow imp.
You kill the shadow imp!
The shadow imp disappears in a puff of smoke!
The ufetubus completely misses you.
The ufetubus hits you but does no damage.
The ufetubus barely misses you. The ufetubus misses you.
You miss the ufetubus.
The ufetubus is heavily wounded.
The ufetubus completely misses you. The ufetubus closely misses you.
You hit the ufetubus.
You kill the ufetubus!
The ufetubus disappears in a puff of smoke!
The sun demon completely misses you. The sun demon misses you.
The kobold demonologist casts a spell.
The sun demon completely misses you.
The kobold demonologist mumbles some strange words.
You close the door.
The sun demon completely misses you. The sun demon barely misses you.
The iron imp picks up a beetle and eats it.
A quasit opens the door.
The sun demon attacks as you move away! The sun demon completely misses you.
The orc priest mumbles some strange prayers to Beogh against you.
You resist with some effort.
The shadow imp picks up a beetle and eats it.
The shadow imp gestures at you. You resist with some effort.
The kobold demonologist begins to cast a cantrip, but forgets the words!
You closely miss the sun demon. The sun demon hits you!!
* * * LOW HITPOINT WARNING * * *
You are engulfed in flames!
You die...
Your body crumbles into a pile of gold.

# #.#############.###.# #. #
#.##............# #.# #. #
#.##.#.########.###.# ##. ##
#.##.#..## #.....# ##># .#
#.##.#...########.### #.##
.#######......©.....# #.# ##.#
..........#########.####.### ###.
#########.#8P.©.P8#........# #...
#.#P..53@P#......#.# #.##
#)####'####....###.# #.#
#########.#o≈.5.≈o#..#.# #.# #.#
#.........#K≈.45≈5#..#.###.###.##
#.#######.#5≈~~~≈K#..#...........
#.# #.#o≈~⌠~≈o#..#####.###..# #.#
#.#o≈~~~≈.#...####.# #>.# #.##
#.#.≈...≈.#........# #... ...#
#.#o≈...≈o#...########...


You could see a sun demon (summoned), a rust devil (summoned), 2 kobold
demonologists, an iron imp (summoned), 5 orc priests, a quasit (summoned), a
crimson imp (summoned) and 2 shadow imps.

Vanquished Creatures
  The ghost of Smersh616 the Covert, a novice GnDe (D:5)
  Grinder (D:6)
  A steam dragon (D:7)
  Menkaure (D:4)
  A water moccasin (D:6)
  An ice beast (D:5)
  2 sky beasts
  Pargi (Sewer)
  3 ogres
  2 black bears (D:7)
  A small abomination (D:5)
  A centaur (D:7)
  A phantom (D:5)
  A kobold brigand (D:5)
  3 scorpions
  4 killer bees (D:7)
  A crimson imp (D:6)
  A quasit (D:5)
  2 jellies
  4 hounds
  An orc priest (D:7)
  Jessica (D:2)
  5 iguanas
  Natasha (twice) (D:3)
  A gnoll (D:1)
  14 adders
  2 river rats (D:6)
  2 shadow imps (D:5)
  An ufetubus (D:5)
  4 worms
  5 dart slugs
  7 orcs
  11 ball pythons
  2 bats
  11 endoplasms
  6 giant cockroaches
  11 goblins
  9 hobgoblins
  7 jackals
  4 quokkas
  11 frilled lizards
  8 kobolds
  8 rats
166 creatures vanquished.

Vanquished Creatures (collateral kills)
  A bullfrog (D:7)
1 creature vanquished.

Grand Total: 167 creatures vanquished

Notes
Turn   | Place    | Note
-------+----------+-------------------------------------------
     0 | D:1      | styxcanada the Spriggan Brigand began the quest for the
                  | Orb.
     0 | D:1      | Reached XP level 1. HP: 10/10 MP: 2/2
    50 | D:1      | Reached skill level 6 in Stealth
   299 | D:1      | Reached XP level 2. HP: 8/15 MP: 3/3
   886 | D:1      | Reached XP level 3. HP: 10/18 MP: 4/4
  1511 | D:2      | Found a faded altar of an unknown god.
  1511 | D:2      | Noticed Jessica
  1710 | D:2      | Killed Jessica
  1711 | D:2      | Reached skill level 7 in Stealth
  1711 | D:2      | Reached XP level 4. HP: 16/23 MP: 4/6
  1874 | D:2      | Reached skill level 1 in Spellcasting
  2210 | D:2      | Reached XP level 5. HP: 26/26 MP: 7/7
  3086 | D:3      | Found Wuorrus's Distillery.
  3096 | D:3      | Bought a potion of heal wounds for 50 gold pieces
  3136 | D:3      | Identified the +2 scale mail of the Evening Star {*Corrode
                  | rF++ Regen+}
  3371 | D:3      | Noticed Natasha
  3388 | D:3      | Killed Natasha
  3389 | D:3      | Reached skill level 8 in Stealth
  3683 | D:3      | Noticed Natasha
  3691 | D:3      | Killed Natasha
  3856 | D:3      | Identified a scroll of acquirement
  3856 | D:3      | Acquired the amulet "Lupionaq" {Spirit rC++ Str+4 Dex+2}
  3994 | D:4      | Reached XP level 6. HP: 32/32 MP: 8/10
  4035 | D:4      | Learned a level 3 spell: Call Canine Familiar
  4253 | D:4      | Found a white marble altar of Elyvilon.
  4544 | D:4      | Learned a level 1 spell: Magic Dart
  4567 | D:4      | Found a basalt altar of Yredelemnul.
  4643 | D:4      | Found an opulent altar of Gozag.
  4644 | D:4      | Noticed Menkaure
  4755 | D:4      | Became a worshipper of Gozag Ym Sagoz the Greedy
  4844 | D:4      | Killed Menkaure
  4845 | D:4      | Reached skill level 9 in Stealth
  4845 | D:4      | Reached XP level 7. HP: 35/35 MP: 11/11
  5061 | D:4      | Found an ornate altar of the Wu Jian Council.
  5063 | D:4      | Found a glowing golden altar of the Shining One.
  5317 | D:5      | Entered Level 5 of the Dungeon
  5360 | D:5      | Found a one-way gate to the infinite horrors of the Abyss.
  5360 | D:5      | Noticed Smersh616's ghost (novice GnDe)
  5399 | D:5      | Found Bouffy's CLEARANCE SALE!.
  5492 | D:5      | Reached skill level 1 in Summonings
  5495 | D:5      | Reached skill level 1 in Conjurations
  5564 | D:5      | Reached skill level 10 in Stealth
  5590 | D:5      | Found a transporter.
  5652 | D:5      | Found an iron altar of Okawaru.
  5757 | D:5      | Reached XP level 8. HP: 40/40 MP: 13/13
  5805 | D:5      | Found a transporter.
  5900 | D:5      | Found a shadowy altar of Dithmenos.
  6165 | D:5      | Killed Smersh616's ghost
  6166 | D:5      | Reached skill level 1 in Ranged Weapons
  6166 | D:5      | Reached skill level 5 in Dodging
  6166 | D:5      | Reached skill level 11 in Stealth
  6225 | D:5      | HP: 2/40 [kobold brigand/+1 whip of distortion (3)]
  6483 | D:6      | Noticed Grinder
  6488 | D:6      | Killed Grinder
  6490 | D:6      | Reached skill level 5 in Short Blades
  6496 | D:6      | Learned a level 3 spell: Mephitic Cloud
  6565 | D:6      | Found a hide-covered altar of Uskayaw.
  6760 | D:6      | Reached XP level 9. HP: 43/45 MP: 16/16
  6761 | D:6      | Found a staircase to the Ecumenical Temple.
  6820 | D:6      | Reached skill level 1 in Evocations
  6931 | D:6      | Found a glowing drain.
  6948 | Sewer    | Entered a sewer
  6975 | Sewer    | Noticed Pargi
  6995 | Sewer    | Killed Pargi
  7279 | D:6      | Found a radiant altar of Vehumet.
  7280 | D:6      | Found a burning altar of Makhleb.
  7547 | D:7      | Found a transporter.
  7547 | D:7      | Noticed a kobold demonologist
  7582 | D:7      | Noticed a kobold demonologist
  7735 | D:7      | Found a transporter.
  7763 | D:7      | Found Ecimitif's Assorted Antiques.
  7771 | D:7      | Bought a scroll of identify for 40 gold pieces
  7771 | D:7      | Bought a scroll of identify for 40 gold pieces
  7886 | D:7      | Reached skill level 1 in Poison Magic
  7890 | D:7      | Reached skill level 1 in Air Magic
  7904 | D:7      | Reached skill level 12 in Stealth
  8413 | D:7      | Found a bloodstained altar of Trog.
  8548 | D:7      | Noticed a sun demon
  8554 | D:7      | Noticed a rust devil
  8558 | D:7      | Slain by a sun demon

Illustrated notes

Levels and vault maps discovered:
D:1:      giann_horns, layout_basic
D:2:      layout_loops_ring, hellmonk_ecumenical_altar_crossroads,
          minmay_snake_closets, uniq_jessica
D:3:      layout_basic, serial_shops, shop, kennysheep_generic_room_12,
          uniq_natasha
D:4:      layout_loops_corners, mainiacjoe_overflow_catwalk,
          grunt_temple_overflow_open, mainiacjoe_overflow_cross_hatched,
          minmay_ruined_shrine, uniq_menkaure
D:5:      layout_cave_pools, grunt_dithmenos_shadows,
          kennysheep_okawaru_gauntlet, gammafunk_ghost_abyssal_escape,
          nicolae_shop_clearance
D:6:      layout_loops_ring, grunt_temple_overflow_lords_of_destruction,
          lemuel_doored_altar, minmay_temple_entry_gardened_gates,
          portal_sewer_entry_b, uniq_grinder
D:7:      gammafunk_wand_slinger, layout_loops_ring, trog_book, serial_shops,
          shop

Skill      XL: |  1  2  3  4  5  6  7  8  9 |
---------------+----------------------------+-----
Stealth        | 6 7 8 9 10 11 12 | 12.2
Dodging        | 2 3 4 5 |  5.9
Fighting       | 2 3 |  3.8
Spellcasting   | 1 2 3 4 |  4.8
Short Blades   | 3 4 5 |  5.5
Summonings     | 1 2 |  2.9
Conjurations   | 1 2 |  2.5
Throwing       | 3 |  3.6
Ranged Weapons | 1 2 |  2.0
Evocations     | 2 |  2.6
Poison Magic   | 1 |  1.3
Air Magic      | 1 |  1.5

Action                   |  1- 3 |  4- 6 |  7- 9 || total
-------------------------+-------+-------+-------++-------
Melee: Dagger            |    52 |       |       ||    52
       Short sword       |    32 |   156 |   328 ||   516
       Punch             |     2 |     1 |     6 ||     9
 Fire: Sling             |       |     6 |    25 ||    31
Throw: Dart              |    19 |    25 |    33 ||    77
Evoke: Wand              |       |       |     5 ||     5
  Use: Scroll            |     5 |     9 |     5 ||    19
       Potion            |       |       |     3 ||     3
 Stab: Sleeping          |    14 |    17 |    21 ||    52
       Distracted        |       |     2 |     2 ||     4
Armor: Robe              |     4 |     6 |    18 ||    28
Dodge: Dodged            |    36 |    68 |   261 ||   365
